 Dungeon Crawl Stone Soup version 0.31-a0-965-g8a8ce12e04 (webtiles) character file.

Game seed: 17108730401835048347

46 bobo the Skirmisher (level 3, -3/31 HPs)
             Began as a Gnoll Hunter on Oct 22, 2023.
             Slain by Crazy Yiuf
             ... wielding a +3 quarterstaff of chaos
              (17 damage)
             ... on level 2 of the Dungeon on Oct 27, 2023.
             The game lasted 00:03:13 (1650 turns).

bobo the Skirmisher (Gnoll Hunter)                  Turns: 1650, Time: 00:03:15

Health: -3/31      AC:  4    Str: 10    XL:     3   Next: 66%
Magic:  4/4        EV: 14    Int:  8    God:
Gold:   94         SH:  0    Dex: 23    Spells: 3/3 levels left

rFire   . . .        a - +0 shortbow
rCold   . . .        (shield currently unavailable)
rNeg    . . .        c - +0 leather armour
rPois   +            w - +0 helmet
rElec   .            (no cloak)
rCorr   .            (no gloves)
SInv    .            (no boots)
Will    .....        (no amulet)
Stlth   ++           u - +6 ring of dexterity
HPRegen 0.25/turn    t - ring of poison resistance
MPRegen 0.09/turn

%: no passive effects
@: lethally poisoned (-3 -> -9)
A: fangs 1, strong nose, distributed training
a: no special abilities


You were on level 2 of the Dungeon.
You visited 1 branch of the dungeon, and saw 2 of its levels.

You collected 94 gold pieces.

Inventory:

Hand Weapons
 a - a +0 shortbow (weapon)
 n - a +3 trident
Armour
 c - a +0 leather armour (worn)
 w - a +0 helmet (worn)
Jewellery
 r - an amulet of magic regeneration
 t - a ring of poison resistance (right hand)
 u - a +6 ring of dexterity (left hand)
 y - a ring of magical power
Scrolls
 b - a scroll of butterflies
 e - a scroll of poison {unknown}
 f - 2 scrolls of blinking {unknown}
 g - a scroll of noise {unknown}
 h - a scroll of vulnerability {unknown}
 i - a scroll of enchant armour {unknown}
 j - a scroll of fog {unknown}
 l - a scroll of immolation {unknown}
 o - a scroll of identify {unknown}
 p - a scroll of revelation {unknown}
 s - a scroll of enchant weapon {unknown}
 x - 2 scrolls of silence {unknown}
Potions
 d - a potion of enlightenment {unknown}
 k - a potion of heal wounds {unknown}
 m - a potion of cancellation {unknown}
 q - a potion of curing
 v - a potion of ambrosia {unknown}


   Skills:
 + Level 4.5 Fighting
 + Level 0.9 Short Blades
 + Level 0.9 Long Blades
 + Level 0.9 Axes
 + Level 0.9 Maces & Flails
 + Level 0.9 Polearms
 + Level 0.9 Staves
 + Level 8.5 Ranged Weapons
 + Level 0.9 Throwing
 + Level 0.9 Armour
 + Level 4.5 Dodging
 + Level 2.4 Stealth
 + Level 0.9 Shields
 + Level 0.9 Unarmed Combat
 + Level 0.9 Spellcasting
 + Level 0.6 Conjurations
 + Level 0.6 Hexes
 + Level 0.6 Summonings
 + Level 0.6 Necromancy
 + Level 0.6 Translocations
 + Level 0.6 Transmutations
 + Level 0.6 Fire Magic
 + Level 0.6 Ice Magic
 + Level 0.6 Air Magic
 + Level 0.6 Earth Magic
 + Level 0.6 Poison Magic
 + Level 1.0 Invocations
 + Level 0.9 Evocations
 + Level 0.7 Shapeshifting


You had 3 spell levels left.
You didn't know any spells.
Your spell library contained the following spells:

 Spells                   Type           Power      Damage    Failure   Level
 Tukima's Dance           Hex            1%         N/A       77%         3
 Dimensional Bullseye     Hex/Tloc       0%         N/A       99%         4
 Iskenderun's Mystic Bla  Conj/Tloc      1%         2d3       99%         4


Dungeon Overview and Level Annotations

Branches:
Dungeon (2/15)

Altars:

Annotations:
D:2 Crazy Yiuf


Innate Abilities, Weirdness & Mutations

You have very sharp teeth.
Your uncanny sense of smell can sniff out nearby items.
Your experience applies equally to all skills.


Message History

A ball python comes into view.
A ball python is nearby!
You shoot an arrow. The arrow hits the ball python.
The ball python is severely wounded.
You shoot an arrow.
The arrow barely misses the ball python.
You shoot an arrow. The arrow hits the ball python.
You kill the ball python!
No target in view!
There is a stone staircase leading up here.
There is a stone staircase leading up here.
There is a stone staircase leading down here.
You now have 94 gold pieces (gained 14).
There is an escape hatch in the ceiling here.
There is an escape hatch in the ceiling here.
You open the door. You shoot an arrow.
Crazy Yiuf shouts!
The arrow hits Crazy Yiuf!
Crazy Yiuf is heavily wounded.
You shoot an arrow. The arrow hits Crazy Yiuf.
Crazy Yiuf is heavily wounded.
You shoot an arrow. The arrow closely misses Crazy Yiuf.
You shoot an arrow. The arrow barely misses Crazy Yiuf.
Crazy Yiuf closely misses you.
You shoot an arrow. The arrow hits Crazy Yiuf.
Crazy Yiuf is severely wounded.
Crazy Yiuf hits you with a +3 quarterstaff of chaos!
You shoot an arrow. The arrow hits Crazy Yiuf.
Crazy Yiuf is severely wounded.
Crazy Yiuf hits you with a +3 quarterstaff of chaos.
You are poisoned.
You shoot an arrow.
The arrow hits Crazy Yiuf but does no damage.
Crazy Yiuf is severely wounded.
You feel very sick. Crazy Yiuf closely misses you.
Crazy Yiuf hits you with a +3 quarterstaff of chaos!
Ouch! That really hurt!
You die...

.#
#.#...........##
#.#.#.# .#
#.##.#####....#
#.#.#.#
.###.##.## #....#
#.#.#.#
.........# ######
#####.#
####.##.## #.#
........^# #.##
.........# ###
♣♣##..#
.....##..#
#)..#♣♣ ♣♣.....#
#######..#
#...g@♣♣♣♣......#
### #..#
#...#♣..♣......##
..# #..# ###
♣♣♣.♣.....# ###
#..# ♣♣♣♣♣##.#
#..# #.# #.># ###
#.# #..#
#.########.# #..#
#..........# #..#
#.########<#


You could see Crazy Yiuf.

Vanquished Creatures
  An adder (D:2)
  2 endoplasms
  6 giant cockroaches
  3 goblins
  4 hobgoblins
  3 quokkas (D:1)
  3 ball pythons
  3 bats (D:1)
  A frilled lizard (D:1)
  3 kobolds
  4 rats (D:1)
33 creatures vanquished.

Notes
Turn   | Place    | Note
-------+----------+-------------------------------------------
     0 | D:1      | bobo the Gnoll Hunter began the quest for the Orb.
     0 | D:1      | Reached XP level 1. HP: 20/20 MP: 1/1
    81 | D:1      | Upgraded the game from 0.31-a0-949-g57150269e1 to
                  | 0.31-a0-965-g8a8ce12e04
   128 | D:1      | Reached XP level 2. HP: 26/26 MP: 2/2
   256 | D:1      | You fall into a shaft and drop 1 floor!
   529 | D:1      | Found a faded altar of an unknown god.
   548 | D:1      | Reached XP level 3. HP: 31/31 MP: 3/3
   858 | D:2      | Reached skill level 1 in Invocations
   947 | D:2      | Found a runed translucent door.
   948 | D:2      | Noticed Crazy Yiuf
  1650 | D:2      | Slain by Crazy Yiuf

Illustrated notes

Levels and vault maps discovered:
D:1:      lightli_arrival_statue_moat, layout_loops_ring,
          shapermc_ecumenical_altar_mp_urbaneastern
D:2:      layout_basic, uniq_crazy_yiuf_cottage

Skill      XL: |  1  2  3 |
---------------+----------+-----
Invocations    | 1 |  1.0
Fighting       | |  4.5
Short Blades   | |  0.9
Long Blades    | |  0.9
Axes           | |  0.9
Maces & Flails | |  0.9
Polearms       | |  0.9
Staves         | |  0.9
Ranged Weapons | |  8.5
Throwing       | |  0.9
Armour         | |  0.9
Dodging        | |  4.5
Stealth        | |  2.4
Shields        | |  0.9
Unarmed Combat | |  0.9
Spellcasting   | |  0.9
Conjurations   | |  0.6
Hexes          | |  0.6
Summonings     | |  0.6
Necromancy     | |  0.6
Translocations | |  0.6
Transmutations | |  0.6
Fire Magic     | |  0.6
Ice Magic      | |  0.6
Air Magic      | |  0.6
Earth Magic    | |  0.6
Poison Magic   | |  0.6
Evocations     | |  0.9
Shapeshifting  | |  0.7

Action                     || total
---------------------------++-------
   Fire: Shortbow          ||    78
    Use: Potion            ||     1
 Armour: Leather armour    ||     6
  Dodge: Dodged            ||    15

Table legend: (Time is in decaauts)
 A = Elapsed time spent in this place.
 B = Non-inter-level travel time spent in this place.
 C = Inter-level travel time spent in this place.
 D = Time resting spent in this place.
 E = Time spent auto-exploring this place.
 F = Levels seen in this place.
 G = Mean time per level.
                   A        B        C        D        E       F      G
               +--------+--------+--------+--------+--------+-----+--------+
         Total |   1651 |   1613 |     38 |      0 |   1429 |   2 |  825.5 |
       Dungeon |   1651 |   1613 |     38 |      0 |   1429 |   2 |  825.5 |
               +--------+--------+--------+--------+--------+-----+--------+

Top non-repeatable levels by time:
     D:2: 914 daAuts
     D:1: 736 daAuts
